AoeStats
← wang

Arena

508817595Analyzed
1v1 RM · 8d ago on Sep 24, 2026· 24m 55s· 2 players
Game mode
Random Map
Map size
Tiny (2 player)
Population
200
Speed
Normal
Resources
Standard
Victory
Conquest
Starting age
Dark Age
Ending age
Imperial Age
RankedLock teamsTeams togetherTeam positionsShared explorationLock speedFull tech treeHidden civsTurbo modeCheats
Victory
Defeat
🇦🇹 Mongols · Austria
456
+18
🇨🇳 Saracens · China
505
-18
lolowo
10:40 Loom
12:26 Feudal Age
13:55 Double-Bit Axe
18:02 Castle Age
17:45 Horse Collar
19:01 Bow Saw
21:22 Stone Mining
23:23 Fletching
24:05 Ballistics
23:47 Town Watch
wang
4:36 Loom
10:39 Feudal Age
16:31 Castle Age
15:13 Double-Bit Axe
15:11 Horse Collar
18:04 Bow Saw
18:05 Heavy Plow
Connection lost

Rejoining the realm…

Still unreachable

The connection could not be restored.

Session expired

The server has moved on; the page needs a fresh start.